 Dungeon Crawl Stone Soup version 0.31-a0-174-g85c54bcb58 (webtiles) character file.

Game seed: 12365638832241160393

39 Dittersdorf the Covered (level 3, -2/24 HPs)
             Began as a Gargoyle Fighter on June 15, 2023.
             Slain by a worm (8 damage)
             ... on level 2 of the Dungeon.
             The game lasted 00:00:40 (973 turns).

Dittersdorf the Covered (Gargoyle Fighter)           Turns: 973, Time: 00:00:41

Health: -2/24      AC: 10    Str: 21    XL:     3   Next: 45%
Magic:  3/3        EV:  9    Int:  8    God:
Gold:   39         SH:  4    Dex:  9    Spells: 2/2 levels left

rFire   . . .        a - +0 flail
rCold   . . .        c - +0 buckler
rNeg    + . .        b - +0 scale mail
rPois   ∞            (no helmet)
rElec   +            (no cloak)
rCorr   .            (no gloves)
SInv    .            (no boots)
Will    .....        (no amulet) Stlth
                     (no ring)
HPRegen 0.24/turn    (no ring)
MPRegen 0.08/turn

%: no passive effects
@: no status effects
A: sickness immunity, AC +3, negative energy resistance 1, electricity
resistance, torment resistance 1, petrification resistance
a: no special abilities


You were on level 2 of the Dungeon.
You visited 1 branch of the dungeon, and saw 2 of its levels.

You collected 39 gold pieces.

Inventory:

Hand Weapons
 a - a +0 flail (weapon)
Armour
 b - a +0 scale mail (worn)
 c - a +0 buckler (worn)
Potions
 d - a potion of might


   Skills:
 + Level 3.7 Fighting
 + Level 2.5 Maces & Flails
 + Level 3.7 Armour
 + Level 3.7 Shields


You had 2 spell levels left.
You didn't know any spells.
Your spell library was empty.

Dungeon Overview and Level Annotations

Branches:
Dungeon (2/15)

Altars:


Innate Abilities, Weirdness & Mutations

You are immune to sickness and miasma.
Your stone body is resilient. (AC +3)
You are immune to poison.
You resist negative energy. (rN+)
You are resistant to electric shocks. (rElec)
You are resistant to unholy torment.
You are immune to petrification.


Message History

You sock the jackal!
You kill the jackal!
The adder bites you but does no damage.
You closely miss the adder. The adder bites you but does no damage.
You hit the adder.
The adder is heavily wounded.
The adder closely misses you. The adder bites you but does no damage.
You barely miss the adder.
The adder is heavily wounded.
The adder bites you.
You miss the adder.
The adder is heavily wounded.
You block the adder's attack. The adder closely misses you.
You closely miss the adder.
The adder is heavily wounded.
The adder bites you but does no damage. You block the adder's attack.
You thump the adder!
You kill the adder!
A hobgoblin comes into view.
The hobgoblin shouts!
The worm bites you.
Things that are here:
an adder corpse; a jackal corpse; a jackal corpse You hit the worm but do no damage.
The worm is lightly wounded.
The worm bites you.
* * * LOW HITPOINT WARNING * * *
You hit the worm.
The worm is lightly wounded.
You hit the worm but do no damage.
The worm is lightly wounded.
The worm bites you but does no damage.
You hit the worm.
The worm is moderately wounded.
The worm bites you.
* * * LOW HITPOINT WARNING * * *
You sock the worm!
The worm is severely wounded.
You block the hobgoblin's attack. The worm bites you!
You die...

.#....##.. ......#..
......#.. ......#..
........#.. #.##
........#.. .....
......gw#.# .... #@#.#
##..# #†#.###..##
#.#.......# ..
.....####:#.......# ...
#.#.....#.........#
...##.#...............#
........#.##..........#
..............>........#
.........#.....#.......#


You could see a worm and a hobgoblin.

Vanquished Creatures
  An adder (D:2)
  3 ball pythons (D:1)
  A giant cockroach (D:1)
  2 hobgoblins (D:1)
  9 jackals
  A quokka (D:1)
  4 bats
  3 frilled lizards (D:1)
  4 rats
28 creatures vanquished.

Notes
Turn   | Place    | Note
-------+----------+-------------------------------------------
     0 | D:1      | Dittersdorf the Gargoyle Fighter began the quest for the
                  | Orb.
     0 | D:1      | Reached XP level 1. HP: 14/14 MP: 1/1
   249 | D:1      | Reached XP level 2. HP: 19/19 MP: 2/2
   938 | D:2      | Reached XP level 3. HP: 22/23 MP: 3/3
   973 | D:2      | Slain by a worm

Illustrated notes

Levels and vault maps discovered:
D:1:      reono_arrival_mine, layout_basic, dreamdust_princess_bridge,
          amethyst_killhole, minmay_misc_feat_diagonals
D:2:      layout_basic, serial_shops, nicolae_shop_just_a_little_nook,
          hellmonk_ecumenical_altar_slurped_away, kennysheep_generic_room_7

Action                     || total
---------------------------++-------
  Melee: Flail             ||    94
 Armour: Scale mail        ||    44
  Dodge: Dodged            ||    53
  Block: Buckler           ||    15

Table legend: (Time is in decaauts)
 A = Elapsed time spent in this place.
 B = Non-inter-level travel time spent in this place.
 C = Inter-level travel time spent in this place.
 D = Time resting spent in this place.
 E = Time spent auto-exploring this place.
 F = Levels seen in this place.
 G = Mean time per level.
                   A        B        C        D        E       F      G
               +--------+--------+--------+--------+--------+-----+--------+
         Total |   1003 |   1000 |      3 |      0 |    822 |   2 |  501.5 |
       Dungeon |   1003 |   1000 |      3 |      0 |    822 |   2 |  501.5 |
               +--------+--------+--------+--------+--------+-----+--------+

Top non-repeatable levels by time:
     D:1: 873 daAuts
     D:2: 130 daAuts
